 Dungeon Crawl Stone Soup version 0.22-a0-525-gf69a080 (webtiles) character file.

221 inc the Cudgeler (level 5, -14/45 HPs)
             Began as a Naga Warper on June 20, 2018.
             Demolished by an ogre
             ... wielding a +0 giant spiked club
              (30 damage)
             ... on level 4 of the Dungeon.
             The game lasted 00:06:26 (3117 turns).

inc the Cudgeler (Naga Warper)                      Turns: 3117, Time: 00:06:27

Health: -14/45     AC:  6    Str: 13    XL:     5   Next: 98%
Magic:  8/8        EV:  9    Int: 14    God:
Gold:   84         SH:  0    Dex: 11    Spells: 8/8 levels left

rFire    . . .     SeeInvis +   a - +1 mace
rCold    . . .     Gourm    .   (no shield)
rNeg     + . .     Faith    .   b - +0 leather armour
rPois    +         Spirit   .   j - +1 helmet
rElec    .         Reflect  .   i - +0 cloak
rCorr    .         Harm     .   (no gloves)
MR       +....                  (no barding)
Stlth    +.........             (no amulet)
HPRegen  0.15/turn              h - ring of positive energy
MPRegen  0.11/turn              p - ring of protection from magic

@: short of breath, very slow
A: large, see invisible, deformed body, poison resistance, slowness 2, slow
metabolism 1, spit poison 1, AC +1
a: Spit Poison


You were on level 4 of the Dungeon.
You were hungry.

You visited 1 branch of the dungeon, and saw 5 of its levels.

You collected 84 gold pieces.

Inventory:

Hand Weapons
 a - a +1 mace (weapon)
Missiles
 e - 5 tomahawks of dispersal (quivered)
Armour
 b - a +0 leather armour (worn)
 i - a +0 cloak (worn)
 j - a +1 helmet (worn)
Jewellery
 h - a ring of positive energy (left hand)
 p - a ring of protection from magic (right hand)
Wands
 o - a wand of polymorph (6)
Scrolls
 d - 3 scrolls of blinking
 g - a scroll of remove curse
 k - a scroll of amnesia
 l - 2 scrolls of teleportation {unknown}
 m - 3 scrolls of identify
Potions
 c - a potion of agility
 n - a potion of might
 q - a potion of curing
 u - a potion of degeneration
Comestibles
 f - 3 rations


   Skills:
 - Level 2.0 Fighting
 + Level 6.0 Maces & Flails
 - Level 0.8 Throwing
 - Level 0.7 Armour
 - Level 1.5 Dodging
 - Level 2.0 Spellcasting
   Level 3.0 Translocations


You had 8 spell levels left.
You didn't know any spells.
Your spell library contained the following spells:

 Spells                   Type           Power        Failure   Level  Hunger
 Teleport Other           Tloc           #.......     26%         3    ####...
 Blink                    Tloc           N/A          13%         2    ###....
 Passage of Golubria      Tloc           N/A          65%         4    #####..
 Shroud of Golubria       Chrm/Tloc      #.........   24%         2    ###....
 Gell's Gravitas          Tloc           #.........   26%         3    ####...
 Lesser Beckoning         Tloc           #.........   26%         3    ####...


Dungeon Overview and Level Annotations

Branches:
Dungeon (5/15)
 Temple: D:4-7

Altars:
Ru

Annotations:
D:3 3 runed doors, gmonis's ghost, amateur MiBe


Innate Abilities, Weirdness & Mutations

You cannot wear boots.
Your serpentine skin is tough. (AC +1)
You have supernaturally acute eyesight. (SInv)
Armour fits poorly on your strangely shaped body.
Your system is resistant to poisons. (rPois)
You cover ground very slowly.
You have a slow metabolism.
You can spit poison.


Message History

Aim: an ogre, wielding a giant spiked club (moderately wounded)
The splash of poison hits the ogre.
The ogre is poisoned.
The ogre is heavily wounded.
You feel slightly more hungry.
You barely miss the ogre.
The ogre is heavily wounded.
The ogre hits you with a giant spiked club!
You barely miss the ogre.
The ogre is severely wounded.
The ogre hits you with a giant spiked club!
You barely miss the ogre.
The ogre is severely wounded.
You have got your breath back.
Press: ? - help, Shift-Dir - straight line, f/p - ogre
Aim: an ogre, wielding a giant spiked club (severely wounded, poisoned)
The splash of poison misses the ogre.
You feel slightly more hungry.
The ogre looks more healthy.
The ogre hits you with a giant spiked club!!
Ouch! That really hurt!
You die...

####..#......................
#####...........#..########.....(
.(.................# ####...†>.
###................# #......<..
...................#####.##......
...................##....##......
........................)......##
..................#............#
................@#.............#
................O..#...........#
#...#...##.....#...............#
..#.#..##.#...........#
#...#.....#......... # ##
.>....###....... #### #.#.#..#
...... ...#.. ..... ..# ... .....
....$. ..#


You could see an ogre.

Vanquished Creatures
  Jessica (D:2)
  An iguana (D:4)
  2 worker ants
  Robin (D:2)
  An adder (D:4)
  A worm (D:3)
  5 dart slugs
  3 leopard geckos
  An orc (D:3)
  7 bats
  7 giant cockroaches
  20 goblins
  6 hobgoblins
  A quokka (D:3)
  3 ball pythons
  9 frilled lizards
  7 kobolds
  A leopard gecko skeleton (D:3)
  9 rats
86 creatures vanquished.

Notes
Turn   | Place    | Note
-------+----------+-------------------------------------------
     0 | D:1      | inc the Naga Warper began the quest for the Orb.
     0 | D:1      | Reached XP level 1. HP: 19/19 MP: 3/3
   256 | D:1      | Reached XP level 2. HP: 26/26 MP: 5/5
   545 | D:1      | Reached skill level 3 in Maces & Flails
   879 | D:1      | Reached XP level 3. HP: 26/32 MP: 6/6
  1494 | D:2      | Found a faded altar of an unknown god.
  1590 | D:2      | Noticed Robin
  1601 | D:2      | Reached skill level 4 in Maces & Flails
  1627 | D:2      | Killed Robin
  1627 | D:2      | Reached XP level 4. HP: 33/39 MP: 7/7
  1969 | D:2      | Noticed Jessica
  1988 | D:2      | Killed Jessica
  2222 | D:2      | You fall through a shaft for 2 floors!
  2232 | D:4      | Reached skill level 5 in Maces & Flails
  2232 | D:4      | Reached XP level 5. HP: 39/45 MP: 8/8
  2300 | D:5      | Entered Level 5 of the Dungeon
  2300 | D:5      | Noticed a sky beast
  2380 | D:3      | Found a sacrificial altar of Ru.
  2521 | D:3      | Found a runed gate.
  2522 | D:3      | Found a runed gate.
  2522 | D:3      | Found a runed gate.
  2526 | D:3      | Noticed gmonis's ghost (amateur MiBe)
  2723 | D:3      | HP: 1/45 [worker ant (4)]
  3099 | D:4      | Reached skill level 6 in Maces & Flails
  3108 | D:4      | Noticed an ogre
  3117 | D:4      | Demolished by an ogre

Vault maps used:
D:1:      lightli_arrival_farm, st_stairs_4
D:2:      first_ration, chequers_ecumenical_altar_lobes, uniq_jessica,
          uniq_robin
D:3:      cheibrodos_old_hovel, marbit_many_paths, gammafunk_ghost_split
D:5:      serial_shops, kennysheep_mini, kennysheep_generic_room_9

Skill      XL: |  1  2  3  4  5 |
---------------+----------------+-----
Maces & Flails | 3 4 5 6 |  6.0
Fighting       | |  2.0
Throwing       | |  0.8
Armour         | |  0.7
Dodging        | |  1.5
Spellcasting   | |  2.0
Translocations | |  3.0

Action                   |  1- 3 |  4- 6 || total
-------------------------+-------+-------++-------
Melee: Mace              |    74 |   108 ||   182
       Unarmed           |       |     1 ||     1
 Abil: Spit Poison       |    31 |    42 ||    73
  Use: Scroll            |       |     8 ||     8
       Potion            |       |     2 ||     2
  Eat: Chunk             |     3 |     6 ||     9
Armor: Leather armour    |    20 |    53 ||    73
Dodge: Dodged            |    37 |    61 ||    98

Table legend:
 A = Spawn XP
 B = Non-spawn XP
 C = Spawn XP percentage of total XP
 D = Spawn monster count
 E = Non-spawn monster count
 F = Spawn count percentage of total count
 G = Total turns spent on level
                    A         B        C        D         E        F      G
               +---------+---------+-------+---------+---------+-------+---------
         Total |       0 |     316 |   0.0 |       0 |      86 |   0.0 |  3117
               +---------+---------+-------+---------+---------+-------+---------
           D:1 |       0 |      51 |   0.0 |       0 |      28 |   0.0 |  1377
           D:2 |       0 |      93 |   0.0 |       0 |      26 |   0.0 |   845
           D:3 |       0 |      80 |   0.0 |       0 |      24 |   0.0 |   659
           D:4 |       0 |      92 |   0.0 |       0 |       8 |   0.0 |   234
               +---------+---------+-------+---------+---------+-------+---------
